 Dungeon Crawl Stone Soup version 0.29-a0-876-gfc89b1a5bd (webtiles) character file.

Game seed: 6892757609164339424

13 siradein the Caller (level 2, -1/20 HPs)
             Began as a Demigod Summoner on July 19, 2022.
             Slain by a ball python (3 damage)
             ... on level 1 of the Dungeon.
             The game lasted 00:02:05 (600 turns).

siradein the Caller (Demigod Summoner)               Turns: 600, Time: 00:02:06

Health: -1/20      AC:  2    Str:  9    XL:     2   Next: 12%
Magic:  3/7        EV:  9    Int: 17    God:
Gold:   50         SH:  0    Dex: 14    Spells: 2/5 levels left

rFire   . . .      SeeInvis .   (no weapon)
rCold   . . .      Faith    .   (no shield)
rNeg    . . .      Spirit   .   a - +0 robe
rPois   .          Reflect  .   (no helmet)
rElec   .          Harm     .   (no cloak)
rCorr   .          Rampage  .   (no gloves)
Will    .....                   (no boots)
Stlth   ++........              (no amulet)
HPRegen 0.06/turn               (no ring)
MPRegen 0.10/turn               (no ring)

@: constricted
A: high MP 1, forlorn, divine attributes
a: no special abilities


You were on level 1 of the Dungeon.
You visited 1 branch of the dungeon, and saw 1 of its levels.

You collected 50 gold pieces.

Inventory:

Armour
 a - a +0 robe (worn)
Jewellery
 d - a ring of ice
Scrolls
 c - a scroll of fog {unknown}
 f - a scroll of poison {unknown}
Potions
 b - a potion of magic
 e - a potion of curing {unknown}


   Skills:
 - Level 1.7 Dodging
 - Level 1.7 Stealth
 + Level 2.2 Spellcasting
 + Level 3.9 Summonings


You had 2 spell levels left.
You knew the following spells:

 Your Spells              Type           Power      Damage    Failure   Level
a - Summon Small Mammal   Summ           60%        N/A       3%          1
b - Call Imp              Summ           15%        N/A       6%          2

Your spell library contained the following spells:

 Spells                   Type           Power      Damage    Failure   Level
 Sandblast                Erth           2%         2d4       19%         1
 Passwall                 Tmut/Erth      0%         N/A       28%         2
 Call Canine Familiar     Summ           15%        N/A       12%         3
 Summon Guardian Golem    Hex/Summ       8%         N/A       26%         3
 Stone Arrow              Conj/Erth      2%         3d7       50%         3
 Summon Lightning Spire   Summ/Air       8%         N/A       63%         4


Dungeon Overview and Level Annotations

Branches:
Dungeon (1/15)


Innate Abilities, Weirdness & Mutations

You have an increased reservoir of magic. (+10% MP)
You shall have no god before yourself.
Your divine heritage dramatically boosts your attributes as you level up.


Message History

The bat hits you.
The rat bites your crimson imp but does no damage.
Your crimson imp hits the rat.
You closely miss the ball python. The bat hits you but does no damage.
The ball python bites you. The ball python grabs you.
The ball python constricts you.
Your crimson imp barely misses the rat.
You closely miss the ball python. The bat hits you but does no damage.
The ball python misses you. The ball python constricts you.
Your crimson imp misses the rat.
A shadowy apparition takes form in the air.
Your crimson imp disappears in a puff of smoke!
The bat hits you but does no damage. The ball python bites you.
The ball python constricts you.
You are too injured to fight recklessly!
You are too injured to fight recklessly!
You are too injured to fight recklessly!
You are too injured to fight recklessly!
You hit the endoplasm.
The endoplasm is moderately wounded.
The bat hits you but does no damage. The ball python closely misses you.
The ball python constricts you. The bat hits you but does no damage.
The endoplasm hits you. The ball python barely misses you.
The ball python constricts you.
* * * LOW HITPOINT WARNING * * *
Your shadow imp barely misses the endoplasm.
You hit the endoplasm but do no damage.
The endoplasm is moderately wounded.
The bat hits you but does no damage. The ball python bites you.
* * * LOW HITPOINT WARNING * * *
The ball python constricts you. The endoplasm freezes you.
You are frozen.
* * * LOW HITPOINT WARNING * * *
Your shadow imp hits the endoplasm.
The endoplasm dies!
Unknown command.
You hit the rat.
You kill the rat!
The bat misses you. The ball python bites you.
You die...

#.# #...####.. #.#
#......... ##.##
#......... ##...##
#......... # ##.....## #
#####.....
##.#...†...#.## #........
#.............########...
#...............# #...
........b@....... #...
.........S....... #...
........5........ ####
#...............#
##.............##
##.#.......#.##
####.....#### ##...##


You could see a bat (ally target), a ball python and a friendly shadow imp
(summoned).

Vanquished Creatures
  2 rats (D:1)
2 creatures vanquished.

Vanquished Creatures (collateral kills)
  2 ball pythons (D:1)
  3 endoplasms (D:1)
  3 frilled lizards (D:1)
  3 kobolds (D:1)
  A rat (D:1)
12 creatures vanquished.

Grand Total: 14 creatures vanquished

Notes
Turn   | Place    | Note
-------+----------+-------------------------------------------
     0 | D:1      | siradein the Demigod Summoner began the quest for the Orb.
     0 | D:1      | Reached XP level 1. HP: 14/14 MP: 5/5
   467 | D:1      | Reached XP level 2. HP: 18/20 MP: 3/7
   470 | D:1      | Learned a level 2 spell: Call Imp
   600 | D:1      | Slain by a ball python

Illustrated notes

Levels and vault maps discovered:
D:1:      saegor_arrival_simple_b, layout_basic,
          dreamdust_ecumenical_altar_angels_and_demons, st_stairs_13,
          nicolae_figureground_pulse

Skill      XL: |  1 |
---------------+----+-----
Spellcasting   | 2 |  2.2
Dodging        | |  1.7
Stealth        | |  1.7
Summonings     | |  3.9

Action                   || total
-------------------------++-------
Melee: Unarmed           ||    26
 Cast: Summon Small Mamm ||    18
       Call Imp          ||     4
Armor: Robe              ||    16
Dodge: Dodged            ||    33

Table legend: (Time is in decaauts)
 A = Elapsed time spent in this place.
 B = Non-inter-level travel time spent in this place.
 C = Inter-level travel time spent in this place.
 D = Time resting spent in this place.
 E = Time spent auto-exploring this place.
 F = Levels seen in this place.
 G = Mean time per level.
                   A        B        C        D        E       F      G
               +--------+--------+--------+--------+--------+-----+--------+
         Total |    600 |    600 |      0 |      0 |    446 |   1 |  600.0 |
       Dungeon |    600 |    600 |      0 |      0 |    446 |   1 |  600.0 |
               +--------+--------+--------+--------+--------+-----+--------+

Top non-repeatable levels by time:
     D:1: 600 daAuts
